 Dungeon Crawl Stone Soup version 0.29.0-7-g18a832c13a (webtiles) character file.

Game seed: 176013985620691981

51 Whoops the Shooter (level 3, -4/30 HPs)
             Began as a Minotaur Hunter on Aug 26, 2022.
             Slain by Crazy Yiuf
             ... wielding a +3 quarterstaff of chaos
              (16 damage)
             ... on level 2 of the Dungeon on Aug 31, 2022.
             The game lasted 00:03:55 (1407 turns).

Whoops the Shooter (Minotaur Hunter)                Turns: 1407, Time: 00:03:56

Health: -4/30      AC:  3    Str: 17    XL:     3   Next: 58%
Magic:  2/2        EV: 12    Int:  6    God:
Gold:   97         SH:  0    Dex: 13    Spells: 2/2 levels left

rFire   + . .      SeeInvis .   a - +0 shortbow
rCold   . . .      Faith    .   (shield currently unavailable)
rNeg    . . .      Spirit   .   c - +0 leather armour
rPois   .          Reflect  .   (helmet restricted)
rElec   .          Harm     .   (no cloak)
rCorr   .          Rampage  .   (no gloves)
Will    .....                   (no boots)
Stlth   +.........              (no amulet)
HPRegen 0.10/turn               (no ring)
MPRegen 0.08/turn               (no ring)

@: no status effects
A: horns 2, retaliatory headbutt, hooves 1, fire resistance 1
a: no special abilities


You were on level 2 of the Dungeon.
You visited 1 branch of the dungeon, and saw 2 of its levels.

You collected 97 gold pieces.

Inventory:

Hand Weapons
 a - a +0 shortbow (weapon)
 q - a +1 falchion of holy wrath
Armour
 c - a +0 leather armour (worn)
Jewellery
 n - a +6 ring of strength
Scrolls
 b - a scroll of immolation
 e - 2 scrolls of identify {unknown}
 f - a scroll of enchant weapon {unknown}
 i - a scroll of enchant armour {unknown}
 k - a scroll of amnesia {unknown}
 o - a scroll of teleportation {unknown}
Potions
 d - a potion of mutation
 g - a potion of lignification {unknown}
 h - a potion of might {unknown}
 j - a potion of curing {unknown}
 l - a potion of haste {unknown}
 m - a potion of magic {unknown}
 p - 2 potions of flight {unknown}


   Skills:
 * Level 2.9 Fighting
 * Level 5.5 Ranged Weapons
 * Level 0.7 Armour
 * Level 2.4 Dodging
 - Level 0.7 Stealth


You had 2 spell levels left.
You didn't know any spells.
Your spell library contained the following spells:

 Spells                   Type           Power      Damage    Failure   Level
 Scorch                   Fire           0%         2d5       65%         2
 Flame Wave               Conj/Fire      0%         2d4       99%         4
 Summon Cactus Giant      Summ           0%         N/A       100%        6


Dungeon Overview and Level Annotations

Branches:
Dungeon (2/15)

Altars:

Annotations:
D:2 Crazy Yiuf


Innate Abilities, Weirdness & Mutations

You have a pair of horns on your head.
You reflexively headbutt those who attack you in melee.
You have large cloven feet.
Your flesh is heat resistant. (rF+)


Message History

It was a potion of mutation.
You feel extremely strange.
You feel clever.
You feel genetically stable.
Really quaff the potion of mutation?
You feel extremely strange.
You feel genetically unstable.
You feel stupid.
You feel resistant to heat.
Your feet thicken and deform.
You open the door. You shoot an arrow.
The arrow hits Crazy Yiuf but does no damage.
Crazy Yiuf yells, "Trifle leg sing-song!"
Crazy Yiuf closely misses you.
You shoot an arrow. The arrow barely misses Crazy Yiuf.
Crazy Yiuf hits you but does no damage.
You are electrocuted!
Crazy Yiuf hits you with a +3 quarterstaff of chaos!
Crazy Yiuf freezes you.
You are too injured to fight recklessly!
You are too injured to fight recklessly!
You are too injured to fight recklessly!
Okay, then.
Fire: a) +0 shortbow
Press: ? - help, Q - select action Shift-Dir - straight line, f/p - Crazy Yiuf
Aim: Crazy Yiuf, wielding a +3 quarterstaff of chaos and wearing a +1 cloak (64% to hit)
You shoot an arrow. The arrow closely misses Crazy Yiuf.
Crazy Yiuf barely misses you.
Unknown command.
Fire: a) +0 shortbow
Press: ? - help, Q - select action Shift-Dir - straight line, f/p - Crazy Yiuf
Aim: Crazy Yiuf, wielding a +3 quarterstaff of chaos and wearing a +1 cloak (64% to hit)
You shoot an arrow.
The arrow hits Crazy Yiuf but does no damage.
Crazy Yiuf barely misses you.
Unknown command.
Fire: a) +0 shortbow
Press: ? - help, Q - select action Shift-Dir - straight line, f/p - Crazy Yiuf
Aim: Crazy Yiuf, wielding a +3 quarterstaff of chaos and wearing a +1 cloak (64% to hit)
You shoot an arrow. The arrow hits Crazy Yiuf!
Crazy Yiuf is moderately wounded.
Crazy Yiuf hits you with a +3 quarterstaff of chaos!
Ouch! That really hurt!
You die...

####
#..........#..#.#
############
#######.#.....#.#
..........)#
#<##......#
........####
##### #......####
..####.## #)..#
######## ...# #.#
#...# ..####.####
... ..#.......#
#g# ..#.......#
♣@♣♣ ###.......#
♣♣.♣ .##.......#
♣.♣♣ .##.......#
♣♣.♣ .##.......#
♣♣.♣♣ .##.......#
♣♣...♣
.##########
♣..♣.♣ .# #....#
## ########....#


You could see Crazy Yiuf.

Vanquished Creatures
  An adder (D:2)
  2 ball pythons
  4 endoplasms
  2 giant cockroaches (D:1)
  3 goblins (D:1)
  6 hobgoblins
  3 jackals (D:2)
  4 kobolds
  2 quokkas
  5 bats (D:1)
  A frilled lizard (D:2)
  4 rats (D:1)
37 creatures vanquished.

Notes
Turn   | Place    | Note
-------+----------+-------------------------------------------
     0 | D:1      | Whoops the Minotaur Hunter began the quest for the Orb.
     0 | D:1      | Reached XP level 1. HP: 18/18 MP: 0/0
     3 | D:1      | Noticed an electric eel
     4 | D:1      | Noticed an electric eel
   123 | D:1      | Reached XP level 2. HP: 25/25 MP: 1/1
   177 | D:1      | Upgraded the game from 0.29.0-4-gdea44cf6ec to
                  | 0.29.0-7-g18a832c13a
   189 | D:1      | Reached skill level 5 in Ranged Weapons
   695 | D:2      | Reached XP level 3. HP: 30/30 MP: 2/2
  1008 | D:2      | Found a runed translucent door.
  1009 | D:2      | Noticed Crazy Yiuf
  1123 | D:2      | Found a faded altar of an unknown god.
  1400 | D:2      | Gained mutation: Your mind is acute. (Int +4, Str/Dex -1)
                  | [potion of mutation]
  1400 | D:2      | Gained mutation: You are somewhat resistant to further
                  | mutation. [potion of mutation]
  1401 | D:2      | Lost mutation: You are somewhat resistant to further
                  | mutation. [potion of mutation]
  1401 | D:2      | Lost mutation: Your mind is acute. (Int +4, Str/Dex -1)
                  | [potion of mutation]
  1401 | D:2      | Gained mutation: Your flesh is heat resistant. (rF+)
                  | [potion of mutation]
  1401 | D:2      | Gained mutation: You have large cloven feet. [potion of
                  | mutation]
  1407 | D:2      | Slain by Crazy Yiuf

Illustrated notes

Levels and vault maps discovered:
D:1:      arrival_aquarium_b, layout_rooms, interstate_on_off
D:2:      layout_loops_cross, shapermc_ecumenical_altar_totnotflames,
          minmay_hexomino_u4, uniq_crazy_yiuf_cottage

Skill      XL: |  1  2 |
---------------+-------+-----
Ranged Weapons | 5 |  5.5
Fighting       | |  2.9
Armour         | |  0.7
Dodging        | |  2.4
Stealth        | |  0.7

Action                   || total
-------------------------++-------
 Fire: Shortbow          ||   118
  Use: Potion            ||     2
Armor: Leather armour    ||    11
Dodge: Dodged            ||    47
